 Dungeon Crawl Stone Soup version 0.27-a0-1206-g6342a01c75 (webtiles) character file.

Game seed: 10916968058405767263

47 Glokmah the Skirmisher (level 3, -6/24 HPs)
             Began as a Gargoyle Fighter on June 5, 2021.
             Killed from afar by Sigmund (8 damage)
             ... with a puff of flame
             ... on level 2 of the Dungeon.
             The game lasted 00:03:08 (2066 turns).

Glokmah the Skirmisher (Gargoyle Fighter)           Turns: 2066, Time: 00:03:08

Health: -6/24      AC: 10    Str: 19    XL:     3   Next: 70%
Magic:  3/3        EV:  7    Int:  8    God:
Gold:   68         SH:  9    Dex: 10    Spells: 2/2 levels left

rFire    . . .     SeeInvis .   b - +0 short sword (venom)
rCold    . . .     Faith    .   c - +0 kite shield
rNeg     + . .     Spirit   .   e - +0 scale mail
rPois    ∞         Reflect  .   (no helmet)
rElec    +         Harm     .   (no cloak)
rCorr    .         Rampage  .   (no gloves)
Will     .....                  (no boots)
Stlth    ..........             (no amulet)
HPRegen  0.08/turn              (no ring)
MPRegen  0.08/turn              (no ring)

@: no status effects
A: sickness immunity, AC +3, negative energy resistance 1, electricity
resistance, torment resistance 1, petrification resistance
a: no special abilities


You were on level 2 of the Dungeon.
You visited 1 branch of the dungeon, and saw 2 of its levels.

You collected 68 gold pieces.

Inventory:

Hand Weapons
 a - a +0 flail
 b - a +0 short sword of venom (weapon)
Missiles
 n - 27 stones (quivered)
Armour
 c - a +0 kite shield (worn)
 e - a +0 scale mail (worn)
Scrolls
 f - a scroll of teleportation {unknown}
 g - a scroll of summoning {unknown}
 h - 2 scrolls of fog {unknown}
 k - a scroll of identify {unknown}
 l - a scroll of magic mapping {unknown}
 m - a scroll of vulnerability {unknown}
Potions
 d - a potion of might
 i - a potion of ambrosia {unknown}
 j - a potion of degeneration {unknown}
 o - a potion of curing {unknown}


   Skills:
 + Level 3.8 Fighting
 * Level 3.1 Maces & Flails
 - Level 3.2 Armour
 + Level 3.7 Shields


You had 2 spell levels left.
You didn't know any spells.
Your spell library was empty.

Dungeon Overview and Level Annotations

Branches:
Dungeon (2/15)

Altars:

Annotations:
D:2 1 runed translucent door, Crazy Yiuf, Sigmund


Innate Abilities, Weirdness & Mutations

You are immune to sickness and miasma.
Your stone body is resilient. (AC +3)
You are immune to poison.
You resist negative energy. (rN+)
You are resistant to electric shocks. (rElec)
You are resistant to unholy torment.
You are immune to petrification.


Message History

There is an open door here.
Found an escape hatch in the ceiling.
Found a mace.
Found a mace.
Found three maces.
You see here a +0 mace.
Found a runed mace.
Found a runed translucent door.
You see here a +0 mace.
Press: ? - help, v - describe, . - travel, g - get item Item here: a runed mace.
The floor.
Unknown command.
Crazy Yiuf laughs, "Line!"
You see here a +0 mace.
You see here a +0 mace.
A rat is nearby!
You barely miss the rat. You block the rat's attack.
You hit the rat.
The rat is poisoned.
The rat is heavily wounded.
You kill the rat!
You see here a rat corpse.
You see here a rat corpse.
Sigmund shouts!
Sigmund gestures at you while chanting.
You are confused.
Sigmund zaps a wand.
The puff of flame hits you!
Sigmund zaps a wand.
The puff of flame hits you but does no damage.
Sigmund points at you and mumbles some strange words.
You resist with significant effort.
You feel less confused.
Sigmund zaps a wand.
The puff of flame hits you but does no damage.
Sigmund gestures at you while chanting. The puff of flame hits you!
* * * LOW HITPOINT WARNING * * *
Sigmund zaps a wand.
The puff of flame hits you.
* * * LOW HITPOINT WARNING * * *
Sigmund zaps a wand.
The puff of flame hits you!
You die...

. .....#...#.......).............
.##r.....#............##.........
..........## #.######.##.#.#..###
.....#.....# #.# #.##.#.#..###
...........+ ..######.##.........
.....#.....# #.##......@......###
.##..#.....# #.##.##.......#..###
.##..#.....###.##................
...........÷..÷.@..#......##..###
###..#.##.#######..#.............
.............# ##..##.######..###
##.....##.#### #.................
.......##.# ##..##.######....†
##.....#..#######..##.######..##.
#.###...........................
#.....#########..###.#####......
####..#.......#..# #.# #...###


You could see Sigmund.

Vanquished Creatures
  An adder (D:2)
  4 endoplasms
  A goblin (D:1)
  4 hobgoblins (D:1)
  7 jackals
  A quokka (D:1)
  3 ball pythons (D:2)
  6 bats
  3 kobolds (D:1)
  5 rats
35 creatures vanquished.

Notes
Turn   | Place    | Note
-------+----------+-------------------------------------------
     0 | D:1      | Glokmah the Gargoyle Fighter began the quest for the Orb.
     0 | D:1      | Reached XP level 1. HP: 14/14 MP: 1/1
   411 | D:1      | Reached XP level 2. HP: 16/19 MP: 2/2
  1161 | D:1      | Reached XP level 3. HP: 22/23 MP: 3/3
  1431 | D:2      | Noticed Sigmund
  1936 | D:2      | Found a faded altar of an unknown god.
  2008 | D:2      | Found a runed translucent door.
  2009 | D:2      | Noticed Crazy Yiuf
  2066 | D:2      | Killed from afar by Sigmund

Illustrated notes

Levels and vault maps discovered:
D:1:      minmay_arrival_split_and_join, layout_basic
D:2:      layout_basic, hellmonk_ecumenical_altar_inner_sanctum, hex_large,
          uniq_crazy_yiuf_cottage, uniq_jessica, uniq_sigmund

Skill      XL: |  1  2  3 |
---------------+----------+-----
Maces & Flails | 3 |  3.1
Fighting       | |  3.8
Armour         | |  3.2
Shields        | |  3.7

Action                   || total
-------------------------++-------
Melee: Flail             ||    33
       Short sword       ||    83
Throw: Stone             ||     2
Armor: Scale mail        ||    74
Dodge: Dodged            ||    42
Block: Kite shield       ||    89

Table legend: (Time is in decaauts)
 A = Elapsed time spent in this place.
 B = Non-inter-level travel time spent in this place.
 C = Inter-level travel time spent in this place.
 D = Time resting spent in this place.
 E = Time spent auto-exploring this place.
 F = Levels seen in this place.
 G = Mean time per level.
                   A        B        C        D        E       F      G
               +--------+--------+--------+--------+--------+-----+--------+
         Total |   2113 |   1964 |    149 |    399 |   1082 |   2 | 1056.5 |
       Dungeon |   2113 |   1964 |    149 |    399 |   1082 |   2 | 1056.5 |
               +--------+--------+--------+--------+--------+-----+--------+

Top non-repeatable levels by time:
     D:1: 1560 daAuts
     D:2: 552 daAuts
